 Seeded DCSS version 0.29-a0-643-ga013cefcf8 (webtiles) character file.

Game seed: 10802498693541890562 (custom seed)

5422 wilfster70 the Fighter (level 10, -6/86 HPs)
             Began as a Demonspawn Berserker on June 19, 2022.
             Was a Priest of Trog.
             Mangled by a two-headed ogre
             ... wielding a +0 giant club
              (18 damage)
             ... on level 8 of the Dungeon.
             The game lasted 00:17:52 (9103 turns).

wilfster70 the Fighter (Demonspawn Berserker)       Turns: 9103, Time: 00:17:53

Health: -6/86      AC: 14    Str: 27    XL:     10   Next: 40%
Magic:  10/10      EV:  7    Int:  8    God:    Trog [***...]
Gold:   439        SH:  8    Dex: 20    Spells: 9/9 levels left

rFire   . . .      SeeInvis .   a - +1 long sword
rCold   + . .      Faith    .   h - +0 kite shield
rNeg    . . .      Spirit   .   d - +1 chain mail {rC+}
rPois   .          Reflect  .   (no helmet)
rElec   .          Harm     .   (no cloak)
rCorr   .          Rampage  .   (no gloves)
Will    ++...                   (no boots)
Stlth   ..........              (no amulet)
HPRegen 1.24/turn               w - +6 ring of strength
MPRegen 0.12/turn               x - +6 ring of dexterity

@: strong-willed (expiring), regenerating (expiring)
A: yellow scales 2, spiny 1, demonic magic 1, demonic touch 2
a: Renounce Religion, Berserk, Trog's Hand


You were on level 8 of the Dungeon.
You worshipped Trog.
Trog was most pleased with you.
You visited 1 branch of the dungeon, and saw 8 of its levels.
You also visited: Sewer.

You collected 439 gold pieces.

Inventory:

Hand Weapons
 a - a +1 long sword (weapon)
 b - a +1 morningstar of venom
Missiles
 o - 3 atropa-tipped darts (quivered)
Armour
 d - a +1 chain mail of cold resistance (worn)
 h - a +0 kite shield (worn)
Jewellery
 w - a +6 ring of strength (left hand)
 x - a +6 ring of dexterity (right hand)
Wands
 j - a wand of polymorph (2)
 y - a wand of quicksilver (10)
Scrolls
 e - 6 scrolls of teleportation {unknown}
 g - a scroll of brand weapon {unknown}
 i - 3 scrolls of enchant armour {unknown}
 l - 7 scrolls of fear
 m - 2 scrolls of poison {unknown}
 n - a scroll of vulnerability {unknown}
 p - a scroll of enchant weapon {unknown}
 A - 2 scrolls of fog {unknown}
Potions
 c - a potion of invisibility
 f - 3 potions of haste
 k - 2 potions of berserk rage
 q - 2 potions of magic {unknown}
 s - 8 potions of flight
 t - 2 potions of curing {unknown}
 u - 2 potions of lignification
 v - 2 potions of heal wounds


   Skills:
 + Level 10.3 Fighting
 - Level 10.0 Long Blades
 - Level 6.0 Armour
 - Level 1.7 Dodging


You had 9 spell levels left.
You didn't know any spells.
Your spell library contained the following spells:

 Spells                   Type           Power      Damage    Failure   Level
 Freezing Cloud           Conj/Ice/Air   0%         6-21      100%        5
 Simulacrum               Ice/Necr       0%         N/A       100%        6
 Polar Vortex             Ice            0%         N/A       100%        9


Dungeon Overview and Level Annotations

Branches:
Dungeon (8/15)             Temple (0/1) D:5           Sewer (visited)
   Lair: D:8-11

Altars:
Cheibriados
Nemelex Xobeh
Qazlal
Xom

Shops:
D:6 (


Innate Abilities, Weirdness & Mutations

You are mostly covered in yellow scales. (AC +3)
You are partially covered in sharp spines.
Spells you cast may paralyse adjacent enemies.
Your touch may inflict irresistible damage on your foes.


Message History

The acid dragon is struck by your spines.
The acid dragon bites you but does no damage.
You block the acid dragon's attack.
You closely miss the acid dragon.
The acid dragon is almost dead.
The acid dragon bites you.
* * * LOW HITPOINT WARNING * * *
You block the acid dragon's attack.
The acid dragon is struck by your spines.
You kill the acid dragon!
Trog accepts your kill.
The acid dragon scales are intact enough to wear.
You see here a +2 flail of protection.
You fade into invisibility!
You block the orc warrior's attack. The orc warrior barely misses you.
The orc warrior is struck by your spines.
The orc warrior hits you but does no damage.
Found 9 gold pieces.
The orc warrior hits you with a +0 long sword!
* * * LOW HITPOINT WARNING * * *
There is an escape hatch in the ceiling, spattered with blood here.
You flicker for a moment.
You feel yourself speed up.
You are no longer corroded.
Found a ring mail.
Found a stone staircase leading up.
The orc warrior throws a stone.
The stone barely misses the two-headed ogre.
Found a pair of boots.
You flicker back into view.
Found a scroll of identify.
You feel the effects of Trog's Hand fading.
The orc warrior throws a stone.
The stone hits you.
* * * LOW HITPOINT WARNING * * *
The orc warrior throws a stone.
The stone hits you.
* * * LOW HITPOINT WARNING * * *
There is a stone staircase leading up here.
You recover from your berserk rage.
The two-headed ogre is struck by your spines.
The two-headed ogre hits you with a +0 giant club!!
You die...

#.)......# ##
#[[...##.........## ..##
#....####..........
#..###.>...............#
#.).[)............[....
#.####..###............
#.####.................
##)....>................
........####...O@.......
#.....<.##..............
.......###..............
#.....o....o#...........
####..#..#..##......?...
#...##..#...........###
#.###..........######
#$. .[..........# ..
............##


You could see a two-headed ogre and an orc warrior.

Vanquished Creatures
  A two-headed ogre (D:8)
  Joseph (D:7)
  The ghost of QuickerDeath the Skirmisher, a novice HuFi (D:4)
  Grinder (D:5)
  Sigmund (D:5)
  A wyvern (D:7)
  A yak (D:8)
  2 steam dragons (D:6)
  Menkaure (D:4)
  Edmund (D:4)
  An acid dragon (D:8)
  A water moccasin (D:6)
  Duvessa (D:4)
  Pargi (D:3)
  A black bear (D:7)
  2 ice beasts (D:7)
  A centaur (D:8)
  A phantom (D:6)
  3 bullfrogs
  A necrophage (D:6)
  2 kobold brigands (D:7)
  2 gnoll sergeants
  3 scorpions
  5 wights (D:7)
  Dowan (D:4)
  7 killer bees
  A howler monkey (D:6)
  2 jellies
  4 hounds
  3 orc priests
  3 iguanas
  Ijyb (D:5)
  Terence (D:3)
  5 orc wizards
  Robin (D:2)
  8 gnolls (D:6)
  13 adders
  4 river rats (Sewer)
  A shadow imp (D:6)
  An ufetubus (D:6)
  3 worms (D:2)
  2 dart slugs (D:5)
  23 orcs
  16 ball pythons
  9 bats
  12 endoplasms
  7 giant cockroaches
  6 hobgoblins
  6 jackals
  14 kobolds
  6 quokkas
  14 frilled lizards
  15 goblins
  7 rats
232 creatures vanquished.

Vanquished Creatures (others)
  5 plants (D:3)
5 creatures vanquished.

Grand Total: 237 creatures vanquished

Notes
Turn   | Place    | Note
-------+----------+-------------------------------------------
     0 | D:1      | wilfster70 the Demonspawn Berserker began the quest for the
                  | Orb.
     0 | D:1      | Reached XP level 1. HP: 18/18 MP: 1/1
     8 | D:1      | Identified a scroll of acquirement
     8 | D:1      | Acquired a +1 chain mail of cold resistance
   166 | D:1      | Gained mutation: Your touch may inflict minor irresistible
                  | damage on your foes. [demonic ancestry]
   166 | D:1      | Reached XP level 2. HP: 24/24 MP: 2/2
   450 | D:1      | Reached ** piety under Trog
   461 | D:1      | Reached XP level 3. HP: 23/29 MP: 3/3
   636 | D:1      | Found Resops's Armour Shop.
  1280 | D:2      | Gained mutation: You are partially covered in yellow
                  | scales. (AC +2) [demonic ancestry]
  1280 | D:2      | Reached XP level 4. HP: 26/35 MP: 4/4
  1411 | D:2      | Noticed Robin
  1443 | D:2      | Killed Robin
  2321 | D:3      | Reached skill level 5 in Long Blades
  2324 | D:3      | Reached XP level 5. HP: 41/41 MP: 5/5
  2404 | D:3      | Found a glowing drain.
  2408 | Sewer    | Entered a sewer
  2591 | Sewer    | Reached *** piety under Trog
  3031 | Sewer    | Gained mutation: Spells you cast may paralyse adjacent
                  | enemies. [demonic ancestry]
  3031 | Sewer    | Reached XP level 6. HP: 47/47 MP: 6/6
  3130 | D:3      | Noticed Terence
  3137 | D:3      | Killed Terence
  3488 | D:3      | Noticed Pargi
  3491 | D:3      | Found a faded altar of an unknown god.
  3506 | D:3      | Killed Pargi
  3999 | D:4      | Noticed Duvessa
  4001 | D:4      | Noticed Dowan
  4013 | D:4      | Killed Duvessa
  4014 | D:4      | Gained mutation: You are mostly covered in yellow scales.
                  | (AC +3) [demonic ancestry]
  4014 | D:4      | Reached XP level 7. HP: 52/52 MP: 7/7
  4080 | D:4      | Killed Dowan
  4116 | D:4      | Noticed Edmund
  4118 | D:4      | Found a large runed translucent door.
  4119 | D:4      | Found a large runed translucent door.
  4128 | D:4      | Killed Edmund
  4170 | D:4      | Noticed QuickerDeath's ghost (novice HuFi)
  4336 | D:4      | Noticed Menkaure
  4345 | D:4      | Killed Menkaure
  4938 | D:4      | Killed QuickerDeath's ghost
  4939 | D:4      | Gained mutation: You are partially covered in sharp spines.
                  | [demonic ancestry]
  4939 | D:4      | Reached XP level 8. HP: 58/58 MP: 8/8
  4952 | D:5      | Entered Level 5 of the Dungeon
  5117 | D:5      | Noticed Ijyb
  5126 | D:5      | Killed Ijyb
  5345 | D:5      | Noticed Sigmund
  5354 | D:5      | Killed Sigmund
  5355 | D:5      | Reached skill level 10 in Long Blades
  5408 | D:5      | Found a staircase to the Ecumenical Temple.
  5432 | D:5      | Noticed Grinder
  5445 | D:5      | Killed Grinder
  5687 | D:5      | Found a snail-covered altar of Cheibriados.
  5688 | D:5      | Found a sparkling altar of Nemelex Xobeh.
  5689 | D:5      | Found a stormy altar of Qazlal.
  5690 | D:5      | Found a shimmering altar of Xom.
  5779 | D:6      | Found Ysikh's Weapon Shop.
  6004 | D:6      | Reached skill level 5 in Armour
  6082 | D:6      | Reached XP level 9. HP: 63/63 MP: 9/9
  6896 | D:6      | Reached skill level 5 in Fighting
  7636 | D:7      | Noticed Joseph
  7653 | D:7      | Killed Joseph
  8110 | D:7      | Gained mutation: Your touch may inflict irresistible damage
                  | on your foes. [demonic ancestry]
  8110 | D:7      | Reached XP level 10. HP: 68/82 MP: 10/10
  8629 | D:8      | Noticed a two-headed ogre
  8630 | D:8      | Noticed a two-headed ogre
  9069 | D:8      | Killed a two-headed ogre
  9070 | D:8      | Reached skill level 10 in Fighting
  9103 | D:8      | Mangled by a two-headed ogre

Illustrated notes

Levels and vault maps discovered:
D:1:      kilobyte_arrival_exit_the_forest, layout_loops_ring, serial_shops,
          shop
D:2:      layout_basic, uniq_robin
D:3:      layout_loops_corners, hellmonk_ecumenical_altar_pennies_from_heaven,
          gup_sewer_entry_bowl, chequers_serial_rivers_micro_d,
          minmay_lizard_king, uniq_pargi, uniq_terence
D:4:      layout_loops_cross, ebering_ghost_disaster_area, abandoned_shop,
          chequers_serial_rivers_room_b, minmay_misc_feat_doors,
          hangedman_decor_slide_cut, uniq_edmund, uniq_duvessa, uniq_menkaure
D:5:      layout_basic, mainiacjoe_overflow_alcove_3, minmay_temple_entry_grid,
          uniq_ijyb, uniq_grinder, uniq_sigmund
D:6:      layout_layer_cave, serial_shops, shop, grunt_decor_clamped,
          wad_rectangle_vault
D:7:      layout_basic, uniq_joseph
D:8:      minmay_s_stair_smasher, layout_rooms, minmay_misc_feat_rows

Skill      XL: |  1  2  3  4  5  6  7  8  9 10 |
---------------+-------------------------------+-----
Long Blades    | 3 4 5 6 7 9 10 | 10.0
Armour         | 5 6 |  6.0
Fighting       | 8 10 | 10.3
Dodging        | |  1.7

Action                   |  1- 3 |  4- 6 |  7- 9 | 10-12 || total
-------------------------+-------+-------+-------+-------++-------
Melee: Falchion          |    97 |   214 |   292 |       ||   603
       Touch             |    16 |    31 |    34 |       ||    81
       Punch             |       |     3 |     4 |       ||     7
       Long sword        |       |       |    23 |    84 ||   107
Invok: Berserk           |       |     8 |    13 |     2 ||    23
       Trog's Hand       |       |     1 |    11 |     2 ||    14
  Use: Scroll            |     1 |     1 |     8 |       ||    10
       Potion            |       |       |       |     2 ||     2
Armor: Chain mail        |    64 |   280 |   125 |    59 ||   528
Dodge: Dodged            |    38 |   126 |    87 |    36 ||   287
Block: Kite shield       |       |       |    59 |    39 ||    98

Table legend: (Time is in decaauts)
 A = Elapsed time spent in this place.
 B = Non-inter-level travel time spent in this place.
 C = Inter-level travel time spent in this place.
 D = Time resting spent in this place.
 E = Time spent auto-exploring this place.
 F = Levels seen in this place.
 G = Mean time per level.
                   A        B        C        D        E       F      G
               +--------+--------+--------+--------+--------+-----+--------+
         Total |   9409 |   9155 |    254 |   2259 |   4607 |   9 | 1045.4 |
       Dungeon |   8606 |   8352 |    254 |   1871 |   4529 |   8 | 1075.8 |
         Sewer |    802 |    802 |      0 |    388 |     78 |   1 |  802.0 |
               +--------+--------+--------+--------+--------+-----+--------+

Top non-repeatable levels by time:
     D:6: 1837 daAuts
     D:7: 1282 daAuts
     D:3: 1153 daAuts
     D:1: 1107 daAuts
     D:2: 1082 daAuts
     D:4: 998 daAuts
     D:5: 861 daAuts
   Sewer: 802 daAuts
     D:8: 283 daAuts
